 Dungeon Crawl Stone Soup version 0.29.1-1-gd02db6906a (webtiles) character file.

Game seed: 5997274466893095528

12870 Orsonium the Cleaver (level 11, -7/95 HPs)
             Began as a Yellow Draconian Chaos Knight on Sept 21, 2022.
             Was a Plaything of Xom.
             Mangled by a boulder beetle (12 damage)
             ... on level 11 of the Dungeon.
             The game lasted 00:46:51 (15225 turns).

Orsonium the Cleaver (DrCK)                        Turns: 15225, Time: 00:46:52

Health: -7/95      AC: 26    Str: 26 (27) XL:     11   Next: 68%
Magic:  9/9        EV: 29    Int: 11      God:    Xom [......]
Gold:   956        SH:  6    Dex:  8      Spells: 10/10 levels left

rFire   . . .      SeeInvis +   a - +0 hand axe (protect)
rCold   . . .      Faith    .   (no shield)
rNeg    . . .      Spirit   .   (body armour unavailable)
rPois   .          Reflect  .   (helmet restricted)
rElec   .          Harm     .   o - +2 cloak {rCorr}
rCorr   +          Rampage  .   (no gloves)
Will    .....      Clarity  +   z - +0 pair of boots
Stlth   +++.......              p - amulet of the acrobat
HPRegen 0.25/turn               t - +4 ring of protection
MPRegen 0.11/turn               s - +4 ring of protection

@: short of breath, under a protective aura, acrobatic, studying Polearms,
unable to drink
A: spit acid, AC +7, unfitting armour, cold-blooded, acid resistance, large bone
plates 2, see invisible, clarity, deterioration 1, low MP 1, passive freeze,
strong 2, wild magic 1, inability to drink after injury 1
a: Breathe Acid, Renounce Religion


You were on level 11 of the Dungeon.
You worshipped Xom.
You were a very special plaything of Xom.
You visited 1 branch of the dungeon, and saw 11 of its levels.
You visited the Abyss 1 time.

You collected 956 gold pieces.

Inventory:

Hand Weapons
 a - a +0 hand axe of protection (weapon)
 n - a +2 quarterstaff of chaos
 D - a +3 halberd of chaos
 F - a +6 war axe
Missiles
 w - 2 throwing nets
Armour
 o - a +2 cloak of preservation (worn)
 r - a +0 buckler of protection
 x - the +16 plate armour of Mysticism {*Corrode +Inv Fly Will+ Int+5}
   (You took it off an orc warrior on level 7 of the Dungeon)

   Int:       It affects your intelligence (+5).
   +Inv:      It lets you turn invisible.
   Fly:       It grants you flight.
   *Corrode:  It may corrode you when you take damage.
   Will:      It increases your willpower.
 y - the +1 helmet of Sif Muna's Pride {+Blink rPois Str+6 Int-3}
   (You found it on level 7 of the Dungeon)

   Str:       It affects your strength (+6).
   Int:       It affects your intelligence (-3).
   rPois:     It protects you from poison.
   +Blink:    It lets you blink.
 z - a +0 pair of boots (worn)
 E - a +0 kite shield
 H - an orb of light
Magical Staves
 e - a staff of fire
 v - a staff of air
 C - a staff of fire
Jewellery
 c - the ring of Nedirghav {rElec Dex+6}
   (You acquired it on level 3 of the Dungeon)

   [ring of dexterity]

   Dex:       It affects your dexterity (+6).
   rElec:     It insulates you from electricity.
 p - an amulet of the acrobat (around neck)
 s - a +4 ring of protection (right hand)
 t - a +4 ring of protection (left hand)
 G - a ring of fire
 I - a ring of willpower
Wands
 A - a wand of flame (17)
 K - a wand of digging (5)
Scrolls
 h - 6 scrolls of teleportation
 i - 3 scrolls of identify
 k - 2 scrolls of enchant armour
 q - 3 scrolls of vulnerability
 B - a scroll of torment
 L - a scroll of silence {unknown}
 M - a scroll of enchant weapon {unknown}
Potions
 d - 4 potions of curing (quivered)
 f - 4 potions of flight
 g - a potion of berserk rage {unknown}
 j - a potion of ambrosia {unknown}
 l - 2 potions of heal wounds {unknown}
 m - a potion of attraction
 u - 2 potions of degeneration {unknown}
 J - a potion of haste {unknown}
 N - 2 potions of lignification {unknown}
Miscellaneous
 b - a piece from Xom's chessboard (15/15)


   Skills:
 + Level 8.6 Fighting
 + Level 11.4 Axes
 + Level 8.6 Dodging
 + Level 7.2 Stealth
 + Level 7.2 Shields


You had 10 spell levels left.
You didn't know any spells.
Your spell library contained the following spells:

 Spells                   Type           Power      Damage    Failure   Level
 Scorch                   Fire           0%         2d5       56%         2
 Animate Dead             Necr           0%         N/A       99%         4
 Flame Wave               Conj/Fire      0%         2d4       99%         4
 Borgnjor's Vile Clutch   Necr/Erth      0%         N/A       100%        5
 Death Channel            Necr           0%         N/A       100%        6
 Summon Cactus Giant      Summ           0%         N/A       100%        6
 Chain Lightning          Conj/Air       0%         N/A       100%        9
 Fire Storm               Conj/Fire      0%         5d1       100%        9
 Shatter                  Erth           0%         3d5*      100%        9


Dungeon Overview and Level Annotations

Branches:
Dungeon (11/15)            Temple (0/1) D:5            Lair (0/5) D:10
    Orc: D:9-12

Altars:
Cheibriados
Fedhas
Gozag
Okawaru
Sif Muna
Uskayaw
Xom
Yredelemnul
Zin

Shops:
D:1 *   D:6 (


Innate Abilities, Weirdness & Mutations

You can spit globs of acid.
Your golden yellow scales are hard. (AC +7)
You cannot fit into any form of body armour.
You are cold-blooded and may be slowed by cold attacks.
You are resistant to acid. (rCorr)
You are mostly covered in large bone plates. (SH +6)
You have supernaturally acute eyesight. (SInv)
You possess an exceptional clarity of mind.
Your body sometimes deteriorates upon taking damage.
Your magical capacity is low. (-10% MP)
A frigid envelope surrounds you and freezes all who hurt you.
Your muscles are very strong. (Str +8, Int/Dex -2)
Your spells are a little harder to cast, but a little more powerful.
You occasionally lose the ability to drink potions when taking damage.


Message History

You hit the polar bear.
The polar bear is severely wounded.
The polar bear goes berserk!
You slash the polar bear!
The polar bear is severely wounded.
You hit the yak.
The polar bear bites you but does no damage.
The polar bear resists.
The polar bear is very cold.
The polar bear is almost dead.
The polar bear claws you but does no damage.
The polar bear resists.
The polar bear is very cold.
The polar bear is almost dead.
You block the polar bear's attack. The yak gores you but does no damage.
The yak is very cold.
The yak is moderately wounded.
Press: ? - help, Shift-Dir - straight line, f - boulder beetle
Aim: a boulder beetle (100% to hit)
You spit a glob of acid.
The glob of acid hits the boulder beetle!
The acid corrodes the boulder beetle!
The acid splashes onto the yak!
The yak is splashed with acid.
The acid corrodes the yak!
The acid splashes onto the polar bear!
The polar bear is splashed with acid.
The acid corrodes the polar bear!
The boulder beetle is lightly wounded.
The polar bear bites you.
* * * LOW HITPOINT WARNING * * *
The polar bear resists.
The polar bear is very cold.
The polar bear is almost dead.
You block the polar bear's attack. The polar bear closely misses you.
The yak gores you but does no damage.
The yak is very cold.
The yak is severely wounded.
The boulder beetle closely misses you. You block the polar bear's attack.
The polar bear claws you.
* * * LOW HITPOINT WARNING * * *
The polar bear claws you but does no damage.
The polar bear resists.
The polar bear is very cold.
You kill the polar bear!
The yak barely misses you. The boulder beetle bites you!
You die...
Xom snickers!

#.....### ∆ ......... ∆
#......B #.....# ∆
∆##.....#..#########
##......#...........
##.YB....#...........
###...@)...#...........
#..........#...........
##.........#...........
∆
##...†....#.....#.#...
#........####........
#..............#.#... ∆
#.....................
#.#...................#
#.#....................


You could see 2 boulder beetles and a yak (corroded).

Vanquished Creatures
  A hydra (D:11)
  A two-headed ogre (D:9)
  Sonja (D:10)
  The ghost of Rudyous the Trooper, a novice MiFi (D:7)
  A manticore (D:11)
  A cyclops (D:8)
  An efreet (D:9)
  2 komodo dragons (D:10)
  A polar bear (D:11)
  2 trolls
  Grinder (D:6)
  A hornet (D:8)
  10 yaks
  6 wyverns
  3 basilisks (D:10)
  2 steam dragons
  A warg (D:8)
  An acid dragon (D:8)
  3 water moccasins (D:10)
  2 orc warriors
  5 ice beasts
  A black bear (D:7)
  A sky beast (D:6)
  3 ogres
  2 wolves
  3 centaurs
  2 phantoms (D:7)
  2 kobold brigands
  3 bullfrogs
  A necrophage (D:5)
  2 gnoll sergeants
  2 scorpions
  8 wights
  9 killer bees
  3 howler monkeys
  A jelly (D:7)
  2 hounds (D:6)
  4 orc priests
  Crazy Yiuf (D:4)
  A gnoll bouda (D:7)
  3 iguanas
  7 orc wizards
  22 gnolls
  12 adders
  A shadow imp (D:5)
  A white imp (D:6)
  2 ufetubi
  A worm (D:2)
  2 dart slugs
  37 orcs
  8 ball pythons
  9 endoplasms
  A giant cockroach (D:1)
  8 goblins
  10 hobgoblins
  4 jackals (D:2)
  4 quokkas
  5 bats
  4 frilled lizards
  13 kobolds
  7 rats
259 creatures vanquished.

Vanquished Creatures (collateral kills)
  A catoblepas (D:8)
  2 wolves (D:8)
  An orc wizard (D:9)
  A ball python (D:1)
5 creatures vanquished.

Vanquished Creatures (others)
  An orc priest (D:7)
  4 orcs (D:7)
  A bat zombie (D:1)
  A bush (D:9)
  4 plants
11 creatures vanquished.

Grand Total: 275 creatures vanquished

Notes
Turn   | Place    | Note
-------+----------+-------------------------------------------
     0 | D:1      | Orsonium the Draconian Chaos Knight began the quest for the
                  | Orb.
     0 | D:1      | Reached XP level 1. HP: 19/19 MP: 1/1
   353 | D:1      | Reached XP level 2. HP: 26/27 MP: 2/2
   687 | D:1      | Found Ylolim's General Store.
   697 | D:1      | Found a faded altar of an unknown god.
   883 | D:1      | Reached XP level 3. HP: 33/33 MP: 3/3
  1419 | D:2      | XOM: silly message
  1462 | D:2      | XOM: divination: detect items
  1547 | D:2      | XOM: divination: detect creatures
  1630 | D:2      | Reached XP level 4. HP: 33/40 MP: 4/4
  2071 | D:2      | XOM: silly message
  2097 | D:2      | Reached skill level 4 in Axes
  2403 | D:3      | Noticed an ice beast
  2403 | D:3      | XOM: 1-stop teleportation journey
  2445 | D:3      | XOM: noise
  2461 | D:3      | XOM: potion effect (berserk rage)
  2473 | D:3      | Killed an ice beast
  2474 | D:3      | Reached XP level 5. HP: 35/47 MP: 5/5
  2654 | D:3      | XOM: smoke on damage
  2660 | D:3      | Reached skill level 1 in Stealth
  2669 | D:3      | Reached XP level 6. HP: 21/53 MP: 6/6
  2832 | D:3      | XOM: give mutations
  2832 | D:3      | Gained mutation: Your muscles are strong. (Str +4, Int/Dex
                  | -1) [Xom's grace]
  2832 | D:3      | Gained mutation: You passively dampen the noise of your
                  | surroundings. [Xom's grace]
  2832 | D:3      | Gained mutation: You have supernaturally acute eyesight.
                  | (SInv) [Xom's grace]
  2832 | D:3      | Gained mutation: You are partially covered in large bone
                  | plates. (SH +4) [Xom's grace]
  3004 | D:3      | Identified a scroll of acquirement
  3004 | D:3      | Acquired the ring of Nedirghav {rElec Dex+6}
  3064 | D:3      | XOM: noise
  3084 | D:3      | Noticed a sky beast
  3456 | D:3      | XOM: give mutations
  3456 | D:3      | Gained mutation: You are dopey. (Int -2) [Xom's mischief]
  3456 | D:3      | Gained mutation: You are frail. (-10% HP) [Xom's mischief]
  3743 | D:4      | Reached skill level 5 in Axes
  3885 | D:4      | Found an iron altar of Okawaru.
  4110 | D:4      | Found an opulent altar of Gozag.
  4386 | D:4      | XOM: scenery: create altars
  4406 | D:4      | Found a runed translucent door.
  4407 | D:4      | Noticed Crazy Yiuf
  4498 | D:4      | Found a snail-covered altar of Cheibriados.
  4580 | D:4      | Killed Crazy Yiuf
  4581 | D:4      | Reached skill level 5 in Fighting
  4643 | D:4      | XOM: scenery: summon butterflies
  4748 | D:4      | Found a shimmering blue altar of Sif Muna.
  4910 | D:5      | Entered Level 5 of the Dungeon
  4922 | D:5      | XOM: 1-stop teleportation journey
  4958 | D:5      | XOM: potion effect (might)
  4966 | D:5      | Your scales start taking on a golden yellow colour.
  4966 | D:5      | Reached XP level 7. HP: 47/54 MP: 7/7
  4966 | D:5      | Gained mutation: You are resistant to acid. (rCorr) [Yellow
                  | Draconian growth]
  5002 | D:5      | Noticed a wyvern
  5008 | D:5      | Killed a wyvern
  5009 | D:5      | Reached skill level 1 in Shields
  5126 | D:5      | XOM: cloud trail
  5127 | D:5      | XOM: give mutations
  5127 | D:5      | Gained mutation: Your system is resistant to poisons.
                  | (rPois) [Xom's grace]
  5127 | D:5      | Gained mutation: You have a pair of small horns on your
                  | head. [Xom's grace]
  5369 | D:5      | Found a staircase to the Ecumenical Temple.
  5478 | D:5      | Reached skill level 6 in Axes
  5500 | D:5      | XOM: give mutations
  5500 | D:5      | Gained mutation: You possess an exceptional clarity of
                  | mind. [Xom's grace]
  5500 | D:5      | Lost mutation: You are dopey. (Int -2) [Xom's grace]
  5500 | D:5      | Gained mutation: You have sharp toenails. [Xom's grace]
  5555 | D:5      | XOM: 3-stop teleportation journey
  5732 | D:5      | XOM: 1-stop teleportation journey
  5750 | D:5      | XOM: god gift: +0 buckler of protection
  6248 | D:6      | XOM: give mutations
  6248 | D:6      | Lost mutation: You are frail. (-10% HP) [Xom's mischief]
  6248 | D:6      | Gained mutation: You occasionally shout uncontrollably at
                  | your foes. [Xom's mischief]
  6248 | D:6      | Lost mutation: You have sharp toenails. [Xom's mischief]
  6250 | D:6      | XOM: silly message
  6397 | D:6      | XOM: give mutations
  6397 | D:6      | Gained mutation: Your magical capacity is low. (-10% MP)
                  | [Xom's mischief]
  6397 | D:6      | Lost mutation: Your system is resistant to poisons. (rPois)
                  | [Xom's mischief]
  6397 | D:6      | Gained mutation: You are dopey. (Int -2) [Xom's mischief]
  6452 | D:6      | Noticed Grinder
  6457 | D:6      | XOM: draining
  6458 | D:6      | Killed Grinder
  6459 | D:6      | Reached XP level 8. HP: 58/69 MP: 7/7
  6584 | D:6      | XOM: 1-stop teleportation journey
  6667 | D:6      | Reached skill level 7 in Axes
  6778 | D:6      | Found Puki Ge Amib's Antique Weapon Shop.
  6913 | D:6      | Reached skill level 5 in Dodging
  7468 | D:7      | Found a glowing silver altar of Zin.
  7481 | D:7      | XOM: 3-stop teleportation journey
  7542 | D:7      | Reached skill level 5 in Stealth
  7542 | D:7      | Reached XP level 9. HP: 75/75 MP: 8/8
  7672 | D:7      | Found a runed translucent gate.
  7673 | D:7      | Noticed Rudyous's ghost (novice MiFi)
  7674 | D:7      | Found a runed translucent gate.
  7676 | D:7      | Found a runed translucent gate.
  7679 | D:7      | Identified the +16 plate armour of Mysticism {*Corrode +Inv
                  | Fly Will+ Int+5}
  7707 | D:7      | XOM: destruction
  7709 | D:7      | Killed Rudyous's ghost
  7710 | D:7      | Reached skill level 8 in Axes
  7949 | D:7      | Identified the +1 helmet of Sif Muna's Pride {+Blink rPois
                  | Str+6 Int-3}
  7999 | D:7      | XOM: give mutations
  7999 | D:7      | Gained mutation: Your tail ends in a venomous barb. [Xom's
                  | mischief]
  7999 | D:7      | Gained mutation: Your body sometimes deteriorates upon
                  | taking damage. [Xom's mischief]
  8005 | D:7      | XOM: enchant monster (bad)
  8111 | D:7      | XOM: divination: magic mapping
  8111 | D:7      | XOM: smoke on damage
  8215 | D:7      | XOM: summons 5 hostile demons
  8230 | D:7      | XOM: torment (37/75 hp)
  8575 | D:7      | XOM: draining
  8599 | D:7      | Reached skill level 9 in Axes
  8883 | D:7      | XOM: swap monsters
  8887 | Abyss:1  | Cast into level 1 of the Abyss (wight)
  8947 | D:7      | Escaped the Abyss
  8953 | D:7      | XOM: swap monsters
  9706 | D:8      | XOM: chaos upgrade
  9716 | D:8      | XOM: polymorph gnoll sergeant -> warg
  9725 | D:8      | Reached skill level 5 in Shields
  9725 | D:8      | Reached XP level 10. HP: 40/84 MP: 9/9
  9913 | D:8      | Noticed Grum
  9921 | D:8      | Noticed Grum
  9921 | D:8      | Grum changed into Grum the acid dragon
  9921 | D:8      | XOM: polymorph Grum -> Grum the acid dragon
  9923 | D:8      | XOM: noise
  9924 | D:8      | XOM: 3-stop teleportation journey
  9928 | D:8      | Found a hide-covered altar of Uskayaw.
 10026 | D:8      | Identified the +1 rapier "Voemeimn" {antimagic, *Corrode
                  | rN+++ Will+ Int-2}
 10033 | D:8      | Noticed a cyclops
 10033 | D:8      | Noticed a catoblepas
 10033 | D:8      | XOM: 1-stop teleportation journey
 10036 | D:8      | XOM: summons 2 hostile shadow creatures
 10044 | D:8      | XOM: 8-stop teleportation journey
 10066 | D:8      | Killed a cyclops
 10104 | D:8      | XOM: enchant monster (good)
 10105 | D:8      | Killed a catoblepas
 10467 | D:8      | XOM: summons 2 hostile demons
 10544 | D:8      | Killed Grum the acid dragon
 10702 | D:8      | XOM: give mutations
 10702 | D:8      | Gained mutation: You are mostly covered in large bone
                  | plates. (SH +6) [Xom's grace]
 10702 | D:8      | Lost mutation: You are dopey. (Int -2) [Xom's grace]
 10702 | D:8      | Gained mutation: Your muscles are very strong. (Str +8,
                  | Int/Dex -2) [Xom's grace]
 10702 | D:8      | Gained mutation: A frigid envelope surrounds you and
                  | freezes all who hurt you. [Xom's grace]
 10810 | D:8      | Found a blossoming altar of Fedhas.
 10930 | D:9      | XOM: stat loss: -1 Str (26/27)
 10980 | D:9      | Noticed a two-headed ogre
 10985 | D:9      | XOM: enchant monster (good)
 11017 | D:9      | XOM: confuse monster(s)
 11025 | D:9      | HP: 2/86 [two-headed ogre/+0 giant club (17)]
 11027 | D:9      | Killed a two-headed ogre
 11028 | D:9      | Reached skill level 10 in Axes
 11253 | D:9      | XOM: cloud trail
 11544 | D:9      | XOM: repel stairs
 11744 | D:9      | XOM: summons 6 hostile demons
 11745 | D:9      | Noticed an orange demon
 12245 | D:9      | XOM: noise
 12704 | D:9      | Reached XP level 11. HP: 68/94 MP: 9/9
 12833 | D:9      | XOM: give mutations
 12833 | D:9      | Gained mutation: You are dopey. (Int -2) [Xom's mischief]
 12833 | D:9      | Lost mutation: You possess an exceptional clarity of mind.
                  | [Xom's mischief]
 12833 | D:9      | Gained mutation: You occasionally lose the ability to drink
                  | potions when taking damage. [Xom's mischief]
 13072 | D:9      | XOM: give mutations
 13072 | D:9      | Lost mutation: You are dopey. (Int -2) [Xom's mischief]
 13072 | D:9      | Lost mutation: You have a pair of small horns on your head.
                  | [Xom's mischief]
 13072 | D:9      | Lost mutation: You occasionally shout uncontrollably at
                  | your foes. [Xom's mischief]
 13601 | D:9      | XOM: give mutations
 13601 | D:9      | Gained mutation: You have sharp toenails. [Xom's mischief]
 13601 | D:9      | Lost mutation: You have sharp toenails. [Xom's mischief]
 13704 | D:10     | Entered Level 10 of the Dungeon
 13721 | D:10     | XOM: 2-stop teleportation journey
 13866 | D:10     | Acquired 442 gold pieces
 13907 | D:10     | Noticed Sonja
 13907 | D:10     | XOM: 2-stop teleportation journey
 13914 | D:10     | XOM: blink monster(s)
 13915 | D:10     | Killed Sonja
 13950 | D:10     | XOM: give mutation
 13950 | D:10     | Lost mutation: Your tail ends in a venomous barb. [Xom's
                  | mischief]
 13960 | D:10     | XOM: god gift: scale mail {god gift}
 14194 | D:10     | XOM: potion effect (berserk rage)
 14202 | D:10     | Found a staircase to the Lair.
 14205 | D:10     | XOM: confuse monster(s)
 14213 | D:10     | XOM: summons 4 hostile shadow creatures
 14214 | D:10     | XOM: give mutations
 14214 | D:10     | Gained mutation: You possess an exceptional clarity of
                  | mind. [Xom's grace]
 14214 | D:10     | Gained mutation: Your spells are a little harder to cast,
                  | but a little more powerful. [Xom's grace]
 14264 | D:10     | XOM: 2-stop teleportation journey
 14378 | D:10     | XOM: give mutation
 14378 | D:10     | Lost mutation: You passively dampen the noise of your
                  | surroundings. [Xom's mischief]
 14617 | D:10     | Reached skill level 11 in Axes
 14674 | D:10     | Found a basalt altar of Yredelemnul.
 15174 | D:11     | XOM: divination: detect items
 15194 | D:11     | Noticed an eight-headed hydra
 15203 | D:11     | Killed an 11-headed hydra
 15208 | D:11     | Noticed a boulder beetle
 15216 | D:11     | Noticed a boulder beetle
 15225 | D:11     | Mangled by a boulder beetle

Illustrated notes

Levels and vault maps discovered:
D:1:      dpeg_arrival_central, layout_loops_ring, serial_shops, shop,
          hellmonk_ecumenical_altar_run_dry
D:2:      layout_rooms, kennysheep_boxes
D:3:      layout_loops_ring
D:4:      layout_loops_ring, nicolae_gozag_seed_capital, led_sif_pool,
          cheibriados_altar_1, general_overflow_altar, uniq_crazy_yiuf_cottage
D:5:      layout_basic, minmay_temple_entry_statues_pillars
D:6:      layout_gridville, nicolae_take_the_stairs, uniq_grinder
D:7:      layout_layer_cave, zin_academy, biasface_ghost_orc_armoury
D:8:      layout_gridville, mainiacjoe_overflow_alcove_2,
          mainiacjoe_overflow_catwalk, enter_bailey_3, minmay_manual_moon,
          uniq_grum
D:9:      cheibrodos_two_vegetables, layout_basic, kb_lookout_dungeons_type,
          chequers_serial_rivers_micro_c
D:10:     layout_roguey, mainiacjoe_overflow_surrounded_room,
          minmay_lair_entry_grove, chequers_serial_rivers_micro_d, uniq_sonja
D:11:     minmay_the_grid_octo_triangle [minmay_the_grid_octo_teeth,
          minmay_the_grid_octo_prize_square_snowflake,
          minmay_the_grid_octo_checkerflower], layout_irregular_city,
          david_orc_4, serial_ice, serial_ice_o, serial_ice_m, serial_ice_c,
          serial_ice_l, serial_ice_h, serial_ice_n, serial_ice_b, serial_ice_g,
          serial_ice_f, serial_ice_e, portal_ice_cave_rime, grunt_ministairs_3,
          kennysheep_generic_room_14

Skill      XL: |  1  2  3  4  5  6  7  8  9 10 11 |
---------------+----------------------------------+-----
Fighting       | 4 5 6 7 8 |  8.6
Axes           | 4 5 6 7 9 10 11 | 11.4
Dodging        | 3 4 5 6 7 8 |  8.6
Stealth        | 1 2 3 5 6 7 |  7.2
Shields        | 1 2 5 6 7 |  7.2

Action                   |  1- 3 |  4- 6 |  7- 9 | 10-12 || total
-------------------------+-------+-------+-------+-------++-------
Melee: Hand axe          |    87 |   173 |   260 |   385 ||   905
       Tailslap          |     9 |    29 |    39 |    64 ||   141
       Punch             |       |     3 |     1 |     5 ||     9
       Headbutt          |       |       |    62 |    44 ||   106
       Kick              |       |       |     3 |       ||     3
 Abil: Breathe Acid      |       |       |     6 |    10 ||    16
  Use: Potion            |     4 |       |       |     2 ||     6
       Scroll            |     5 |     5 |     3 |     2 ||    15
 Stab: Sleeping          |       |     5 |     5 |     8 ||    18
       Petrified         |       |     1 |       |     5 ||     6
       Paralysed         |       |       |     3 |       ||     3
       Distracted        |       |       |     1 |       ||     1
       Confused          |       |       |     1 |     3 ||     4
       Invisible         |       |       |       |     1 ||     1
       Petrifying        |       |       |       |     1 ||     1
Armor: Skin              |    24 |    65 |    80 |   238 ||   407
Dodge: Dodged            |    56 |   167 |   164 |   345 ||   732
Block: Other             |       |    18 |     4 |   102 ||   124
       Buckler           |       |       |   111 |    79 ||   190
